 Seeded DCSS version 0.29-a0-88-g03a7b78be7 (webtiles) character file.

Game seed: 20220211 (custom seed)

9 knot the Chopper (level 2, 24/24 HPs)
             Began as a Demonspawn Berserker on Feb 6, 2022.
             Was a Follower of Trog.
             Quit the game on level 1 of the Dungeon.
             The game lasted 00:00:19 (463 turns).

knot the Chopper (Demonspawn Berserker)              Turns: 463, Time: 00:00:19

Health: 24/24      AC:  2    Str: 17    XL:     2   Next: 3%
Magic:  2/2        EV: 14    Int:  8    God:    Trog [*.....]
Gold:   33         SH:  0    Dex: 12    Spells: 1/1 levels left

rFire   . . .      SeeInvis .   a - +0 hand axe
rCold   . . .      Faith    .   (no shield)
rNeg    . . .      Spirit   .   b - +0 animal skin
rPois   .          Reflect  .   (no helmet)
rElec   .          Harm     .   (no cloak)
rCorr   .          Rampage  .   (no gloves)
Will    .....                   (no boots)
Stlth   +.........              (no amulet)
HPRegen 0.08/turn               (no ring)
MPRegen 0.08/turn               (no ring)

@: no status effects
A: repulsion field 1
a: Renounce Religion, Berserk


You were on level 1 of the Dungeon.
You worshipped Trog.
Trog was aware of your devotion.
You visited 1 branch of the dungeon, and saw 1 of its levels.

You collected 33 gold pieces.

Inventory:

Hand Weapons
 a - a +0 hand axe (weapon)
Missiles
 c - 37 stones (quivered)
Armour
 b - a +0 animal skin (worn)
Scrolls
 d - 2 scrolls of teleportation {unknown}
 e - a scroll of enchant weapon {unknown}
 f - a scroll of identify {unknown}


   Skills:
 - Level 3.0 Fighting
 + Level 3.2 Axes
 - Level 1.7 Armour
 - Level 1.7 Dodging


You had one spell level left.
You didn't know any spells.
Your spell library was empty.

Dungeon Overview and Level Annotations

Branches:
Dungeon (1/15)

Altars:


Innate Abilities, Weirdness & Mutations

You are surrounded by a mild repulsion field. (EV +2)


Message History

f - a scroll labelled TOUFUO XUHUNI No target in view!
No target in view!
A bat comes into view.
The bat hits you but does no damage. The bat hits you.
A bat is nearby!
You closely miss the bat. The bat closely misses you. The bat hits you.
You hit the bat.
You kill the bat!
Trog accepts your kill.
No target in view!
No target in view!
No target in view!
No target in view!
No target in view!
There is a stone staircase leading down here.
A rat comes into view.
A rat is nearby!
You hit the rat.
You kill the rat!
Trog accepts your kill.
No target in view!
No target in view!
No target in view!
No target in view!
You open the door.
There is an open door here.
d - 2 scrolls labelled MUUZXAT LIOX (gained 1)
You open the door.
There is an open door here.
A goblin comes into view. It is wielding a +0 dagger.
The goblin shouts!
A goblin is nearby!
You hit the goblin.
You kill the goblin!
Trog accepts your kill.
You have reached level 2!
Your demonic ancestry asserts itself...
You begin to radiate repulsive energy.
Are you sure you want to abandon this character and quit the game? (Confirm with "yes".)

##'......## ##### #.# #
#.######## #### ##.######.####
#.#####..###..# .#............
#.............####.########.####
########.###..........# #.# #.#
#.###..###.# #.# #.#
#.#.........# #.# #.#
#.#.........# #.#### #.#
#...@###....# #..... #.#
##..)....##.# ######
#....$......## # ##
######.###..# #####. #. ..#
....... ## #.# ######. .. #. ###
#. ...


There were no monsters in sight!

Vanquished Creatures
  A giant cockroach (D:1)
  3 goblins (D:1)
  A ball python (D:1)
  2 bats (D:1)
  A frilled lizard (D:1)
  A rat (D:1)
9 creatures vanquished.

Notes
Turn   | Place    | Note
-------+----------+-------------------------------------------
     0 | D:1      | knot the Demonspawn Berserker began the quest for the Orb.
     0 | D:1      | Reached XP level 1. HP: 18/18 MP: 1/1
   463 | D:1      | Gained mutation: You are surrounded by a mild repulsion
                  | field. (EV +2) [demonic ancestry]
   463 | D:1      | Reached XP level 2. HP: 24/24 MP: 2/2
   463 | D:1      | Quit the game

Illustrated notes

Levels and vault maps discovered:
D:1:      minmay_arrival_four_loops, layout_loops_ring,
          dreamdust_ecumenical_altar_sealed_demon, minmay_misc_feat_columns

Skill      XL: |  1 |
---------------+----+-----
Axes           | 3 |  3.2
Fighting       | |  3.0
Armour         | |  1.7
Dodging        | |  1.7

Action                   || total
-------------------------++-------
Melee: Hand axe          ||    18
Armor: Animal skin       ||     4
Dodge: Dodged            ||    15

Table legend: (Time is in decaauts)
 A = Elapsed time spent in this place.
 B = Non-inter-level travel time spent in this place.
 C = Inter-level travel time spent in this place.
 D = Time resting spent in this place.
 E = Time spent auto-exploring this place.
 F = Levels seen in this place.
 G = Mean time per level.
                   A        B        C        D        E       F      G
               +--------+--------+--------+--------+--------+-----+--------+
         Total |    465 |    465 |      0 |      0 |    418 |   1 |  465.0 |
       Dungeon |    465 |    465 |      0 |      0 |    418 |   1 |  465.0 |
               +--------+--------+--------+--------+--------+-----+--------+

Top non-repeatable levels by time:
     D:1: 465 daAuts
